 Dungeon Crawl Stone Soup version 0.16.2-2-g470672f (webtiles) character file.

12595 hannobal the Thaumaturge (level 11, -4/86 HPs)
             Began as a Grey Draconian Fire Elementalist on Sept 4, 2015.
             Was a Follower of Vehumet.
             Slain by an eight-headed hydra (12 damage)
             ... on level 2 of the Lair of Beasts on Sept 5, 2015.
             The game lasted 01:10:42 (17448 turns).

hannobal the Thaumaturge (DrFE)                    Turns: 17448, Time: 01:10:42

Health: -4/86      AC: 15    Str: 11    XL:     11   Next: 64%
Magic:  14/29      EV: 13    Int: 18    God:    Vehumet [*.....]
Gold:   546        SH:  0    Dex: 12    Spells: 5 memorised, 15 levels left

rFire  . . .     SeeInvis .     a - +1 quarterstaff (speed)
rCold  + . .     Clarity  .     (armour unavailable)
rNeg   . . .     SustAb   .     (no shield)
rPois  +         Gourm    +     (helmet restricted)
rElec  .         Spirit   .     (no cloak)
rCorr  .         Warding  .     B - +2 pair of gloves
rMut   .         Stasis   .     (no boots)
MR     .....                    z - amulet of the gourmand
Stlth  ++........               n - ring of poison resistance
                                e - ring of protection from cold

@: very slightly contaminated, hasted, very quick, not resistant to hostile
enchantments, unstealthy
A: walk through water, unfitting armour, sense surroundings 1, spit poison 2,
unbreathing, cold-blooded, AC +12
a: Spit Poison, Renounce Religion


You were on level 2 of the Lair of Beasts.
You worshipped Vehumet.
Vehumet was aware of your devotion.
You were very full.

You visited 3 branches of the dungeon, and saw 13 of its levels.

You collected 636 gold pieces.
You spent 90 gold pieces at shops.

Inventory:

Hand weapons
 a - a +1 quarterstaff of speed (weapon)
 b - a +1 trident of freezing
 D - a +0 blowgun
Missiles
 l - 10 javelins
 r - 9 tomahawks
 A - 44 poisoned needles
 L - 2 javelins of penetration
 W - 8 poisoned javelins (quivered)
Armour
 B - a +2 pair of gloves (worn)
Jewellery
 e - a ring of protection from cold (left hand)
 n - a ring of poison resistance (right hand)
 z - an amulet of the gourmand (around neck)
Magical devices
 C - a wand of fireball (4)
 G - a wand of draining (7)
 P - a wand of lightning (5)
 Q - a wand of hasting (7)
 X - a wand of fireball (6)
Scrolls
 i - a scroll of identify
 v - 2 scrolls of fog
 x - 7 scrolls of remove curse
 E - a scroll of recharging
 I - a scroll of magic mapping
 U - a scroll of teleportation
Potions
 g - a potion of might
 t - 2 potions of haste
 w - 2 potions of resistance
 F - a potion of agility
 H - a potion of heal wounds
 M - 7 potions of curing
 S - a potion of berserk rage
Comestibles
 c - 5 bread rations {@e1}
 h - 9 meat rations {@e2}
 K - 2 slices of pizza


   Skills:
 - Level 5.0 Fighting
   Level 1.2(3.2) Maces & Flails
 - Level 4.7(4.8) Staves
 - Level 1.0 Throwing
 + Level 4.0 Dodging
 - Level 1.7 Stealth
 - Level 10.1 Spellcasting
 - Level 10.0 Conjurations
 - Level 9.1 Fire Magic


You had 15 spell levels left.
You knew the following spells:

 Your Spells              Type           Power        Failure   Level  Hunger
a - Flame Tongue          Conj/Fire      #####        1%          1    None
c - Conjure Flame         Conj/Fire      #####...     1%          3    None
d - Sticky Flame          Conj/Fire      #####...     1%          4    ###....
f - Fireball              Conj/Fire      #####.....   4%          5    #####..
t - Throw Flame           Conj/Fire      #####.       1%          2    None


Dungeon Overview and Level Annotations

Branches:
Dungeon (9/15)             Temple (1/1) D:6            Lair (3/8) D:8
 Spider (0/5) Lair:3
  Swamp: Lair:3-6    Shoals: Lair:3-6       Orc: D:9-12

Altars:
Ashenzari
Cheibriados
Dithmenos
Elyvilon
Fedhas
Gozag
Kikubaaqudgha
Makhleb
Nemelex Xobeh
Okawaru
Qazlal
Ru
Sif Muna
Trog
Vehumet
Xom
Yredelemnul
Zin
The Shining One

Annotations:
D:2 stuff, need rf or apport
Lair:3 Fannar


Innate Abilities, Weirdness & Mutations

You can walk through water.
Your dull iron-grey scales are very hard (AC +12).
Your body does not fit into most forms of armour.
You can survive without breathing.
Your cold-blooded metabolism reacts poorly to cold.
You passively map a small area around you.
You can spit moderately strong poison.


Message History

The eight-headed hydra completely misses you.
The eight-headed hydra bites you.
The eight-headed hydra bites you but does no damage. x2
The eight-headed hydra misses you.
The eight-headed hydra burns!
Evoke which item? (* to show all) (? for menu, Esc to quit)
Zapping:
Q - a wand of hasting (8)
Press: ? - help, Shift-Dir - straight line, f - you, p - eight-headed hydra You feel yourself speed up.
You are very lightly contaminated with residual magic.
This wand has 7 charges left.
The eight-headed hydra burns!
The eight-headed hydra bites you but does no damage.
The eight-headed hydra misses you. The eight-headed hydra bites you!
* * * LOW HITPOINT WARNING * * *
The eight-headed hydra barely misses you. x2
The eight-headed hydra bites you!
* * * LOW HITPOINT WARNING * * *
The eight-headed hydra closely misses you.
The eight-headed hydra bites you!
You die...

#........# #...P.P### ##.#.#.##
##.......##### #.#.#.#.#....##
#.............## ###
##.#.#.#.##.....## ###.#
##.#D......#......####
....########...#@#.#.#..PPP.....#
......#...................##.....
..........#P........#.#..........
......#####.P#.....#.###......P..
....### #############.##.......
....##### #####...... .)...##.#
#...... ...#....## #......
.........## ##......


You could see an eight-headed hydra (burning).

Vanquished Creatures
  A hydra (Lair:1)
  Pikel (D:8)
  A hill giant (D:9)
  2 spiny frogs
  Psyche (D:8)
  2 komodo dragons (Lair:2)
  The ghost of monobi the Sneak, an experienced OpMo (D:8)
  A fire drake (D:8)
  Grinder (D:4)
  A basilisk (Lair:2)
  A two-headed ogre (D:8)
  5 blink frogs
  8 yaks
  2 hippogriffs (Lair:2)
  5 wolves
  Edmund (D:8)
  5 porcupines
  4 water moccasins
  3 orc warriors
  2 black bears
  A phantom (D:9)
  3 sky beasts
  9 ogres
  3 crocodiles
  2 ice beasts
  2 centaurs
  Sigmund (D:6)
  Duvessa (D:4)
  6 giant frogs
  5 scorpions
  6 killer bees (D:8)
  3 orc priests
  Dowan (D:4)
  2 crimson imps (D:8)
  2 goliath beetles
  4 hounds
  3 giant frog zombies
  3 giant frog skeletons
  A jelly (D:8)
  5 orc wizards
  5 iguanas
  A killer bee zombie (D:8)
  8 worker ants
  3 gnolls (D:2)
  11 adders
  5 river rats
  4 shadow imps
  2 giant mites
  A worm (D:2)
  An adder zombie (D:8)
  3 adder skeletons
  6 giant geckos
  An ooze (D:4)
  20 orcs
  A ball python (D:2)
  22 bats
  A bat skeleton (D:7)
  A bat zombie (D:5)
  7 giant cockroaches
  8 goblins
  17 hobgoblins
  5 jackals
  8 quokkas
  7 giant newts
  A giant newt skeleton (D:4)
  9 kobolds
  A quokka skeleton (D:8)
  2 quokka zombies
  17 rats
  3 ballistomycetes (D:9)
  A fungus (D:5)
293 creatures vanquished.

Vanquished Creatures (others)
  A worker ant zombie (D:8)
  A giant spore (D:9)
  5 fungi
  A plant (Lair:1)
8 creatures vanquished.

Grand Total: 301 creatures vanquished

Notes
Turn   | Place    | Note
--------------------------------------------------------------
     0 | D:1      | hannobal, the Draconian Fire Elementalist, began the quest for the Orb.
     0 | D:1      | Reached XP level 1. HP: 14/14 MP: 3/3
   910 | D:1      | Reached XP level 2. HP: 20/20 MP: 0/4
  1396 | D:2      | Learned a level 2 spell: Throw Flame
  1743 | D:2      | Reached XP level 3. HP: 26/26 MP: 0/6
  1949 | D:2      | Learned a level 3 spell: Conjure Flame
  2344 | D:2      | Reached XP level 4. HP: 33/33 MP: 5/8
  2612 | D:3      | Found a white marble altar of Elyvilon.
  2744 | D:3      | Gained mutation: You can breathe flames. [potion of mutation]
  2744 | D:3      | Gained mutation: You can spit poison. [potion of mutation]
  2744 | D:3      | Gained mutation: You can spit moderately strong poison. [potion of mutation]
  3425 | D:4      | Reached skill level 4 in Conjurations
  3600 | D:4      | Reached XP level 5. HP: 35/38 MP: 2/11
  3903 | D:4      | Noticed Dowan
  3925 | D:4      | Noticed Duvessa
  3945 | D:4      | Killed Duvessa
  3945 | D:4      | Reached skill level 5 in Conjurations
  4004 | D:4      | Killed Dowan
  4140 | D:4      | Reached XP level 6. HP: 27/45 MP: 0/12
  4630 | D:4      | Learned a level 4 spell: Sticky Flame
  4780 | D:4      | Noticed Grinder
  4788 | D:4      | Paralysed by Grinder for 3 turns
  4792 | D:4      | Killed Grinder
  4792 | D:4      | Your scales start taking on a dull iron-grey colour.
  4792 | D:4      | Lost mutation: You can breathe flames. [draconian maturity]
  4792 | D:4      | Gained mutation: You can survive without breathing. [draconian maturity]
  4792 | D:4      | Reached XP level 7. HP: 41/50 MP: 2/14
  4875 | D:4      | Reached skill level 5 in Fire Magic
  5405 | D:5      | Entered Level 5 of the Dungeon
  5692 | D:5      | Learned a level 2 spell: Throw Flame
  5787 | D:5      | Reached skill level 6 in Fire Magic
  6105 | D:5      | Found a staircase to the Ecumenical Temple.
  6570 | D:5      | Reached XP level 8. HP: 55/57 MP: 7/18
  6899 | D:5      | Reached skill level 5 in Spellcasting
  7057 | D:6      | Found a staircase to the Ecumenical Temple.
  7077 | Temple   | Entered the Ecumenical Temple
  7435 | D:6      | Reached skill level 7 in Fire Magic
  7464 | D:5      | Learned a level 5 spell: Fireball
  7543 | D:6      | Reached skill level 1 in Fighting
  8167 | D:6      | Noticed Sigmund
  8174 | D:6      | Killed Sigmund
  8324 | D:6      | Found a sacrificial altar of Ru.
  8927 | D:6      | Reached skill level 1 in Maces & Flails
  8927 | D:6      | Reached XP level 9. HP: 64/64 MP: 16/21
  9344 | D:7      | Found a radiant altar of Vehumet.
  9348 | D:7      | Found a shattered altar of Ashenzari.
  9350 | D:7      | Found a glowing golden altar of the Shining One.
  9401 | D:7      | Gained mutation: You passively map a small area around you. [potion of beneficial mutation]
  9658 | D:7      | Reached skill level 1 in Staves
 10122 | D:7      | Found a shimmering altar of Xom.
 10122 | D:7      | Found an iron altar of Okawaru.
 10551 | D:8      | Noticed Edmund
 10572 | D:8      | Killed Edmund
 10838 | D:8      | Reached skill level 8 in Fire Magic
 11136 | D:8      | Noticed monobi's ghost (experienced OpMo)
 11156 | D:8      | Killed monobi's ghost
 11259 | D:8      | Found Zin's Purification Station.
 11299 | D:8      | Found a glowing silver altar of Zin.
 11302 | D:8      | Bought a potion of curing for 90 gold pieces
 11335 | D:8      | Noticed Psyche
 11352 | D:8      | Killed Psyche
 11556 | D:8      | Found a staircase to the Lair.
 11784 | D:8      | Reached XP level 10. HP: 71/71 MP: 7/24
 11792 | D:8      | Reached skill level 9 in Conjurations
 12096 | D:8      | Noticed Pikel
 12109 | D:8      | Killed Pikel
 12285 | D:8      | Noticed a fire drake
 12298 | D:8      | Killed a fire drake
 12748 | D:7      | Became a worshipper of Vehumet
 13516 | D:9      | Acquired Vehumet's first power
 13516 | D:9      | Offered knowledge of Sandblast by Vehumet.
 13676 | D:9      | Noticed a hill giant
 13690 | D:9      | Killed a hill giant
 13836 | Lair:1   | Entered Level 1 of the Lair of Beasts
 13855 | Lair:1   | Reached skill level 1 in Throwing
 14280 | Lair:1   | Noticed a four-headed hydra
 14290 | Lair:1   | Killed a four-headed hydra
 14290 | Lair:1   | Reached skill level 10 in Conjurations
 14290 | Lair:1   | Reached XP level 11. HP: 63/77 MP: 3/28
 15963 | Lair:2   | Reached skill level 10 in Spellcasting
 16953 | Lair:3   | Found a hole to the Spider Nest.
 16980 | Lair:2   | Reached skill level 5 in Fighting
 17441 | Lair:3   | Noticed Fannar
 17441 | Lair:3   | Noticed an eight-headed hydra
 17448 | Lair:2   | Slain by an eight-headed hydra

Action                   |  1- 3 |  4- 6 |  7- 9 | 10-12 || total
-------------------------+-------+-------+-------+-------++-------
Melee: Spear             |     8 |       |       |       ||     8
       War axe           |     4 |       |       |       ||     4
       Flail             |       |    15 |     7 |       ||    22
       Whip              |       |       |    13 |       ||    13
       Quarterstaff      |       |       |    31 |   169 ||   200
       Lajatang          |       |       |    15 |       ||    15
       Trident           |       |       |       |    55 ||    55
Throw: Javelin           |       |     4 |     6 |    58 ||    68
 Cast: Flame Tongue      |    53 |   127 |    17 |       ||   197
       Conjure Flame     |       |     2 |     4 |    15 ||    21
       Sticky Flame      |       |     1 |    29 |    47 ||    77
       Throw Flame       |       |       |   204 |    83 ||   287
       Fireball          |       |       |     1 |    19 ||    20
 Abil: Spit Poison       |       |     4 |       |       ||     4
Evoke: Wand              |       |       |       |     2 ||     2
  Use: Scroll            |     5 |     7 |    11 |     6 ||    29
       Potion            |     2 |     4 |     2 |       ||     8
 Stab: Sleeping          |       |       |       |     1 ||     1
  Eat: Chunk             |     5 |    16 |    32 |    24 ||    77
       Fruit             |       |     1 |       |       ||     1
       Beef jerky        |       |     1 |       |       ||     1
       Royal jelly       |       |       |       |     1 ||     1
